 Dungeon Crawl Stone Soup version 0.27.1-4-g1640c2035a (webtiles) character file.

Game seed: 17788068198449121082

339 styxcanada the Covert (level 6, -11/23 (30) HPs)
             Began as a Spriggan Brigand on Nov 8, 2021.
             Asphyxiated
             ... on level 3 of the Dungeon.
             The game lasted 00:16:22 (3767 turns).

styxcanada the Covert (Spriggan Brigand)            Turns: 3767, Time: 00:16:24

HP:   -11/23 (30)   AC:  3    Str:  7    XL:     6   Next: 29%
MP:   7/7           EV: 18    Int: 13    God:
Gold: 129           SH:  0    Dex: 18    Spells: 5/5 levels left

rFire    + . .     SeeInvis +   a - +2 dagger
rCold    + . .     Faith    .   (shield restricted)
rNeg     . . .     Spirit   .   b - +0 robe
rPois    +         Reflect  .   (helmet restricted)
rElec    +         Harm     .   c - +0 cloak
rCorr    +         Rampage  .   (gloves unavailable)
Will     +....                  (boots unavailable)
Stlth    ++++......             (no amulet)
HPRegen  0.07/turn              (no ring)
MPRegen  0.10/turn              (no ring)

@: resistant, heavily drained, very quick
A: very small, no large weapons, unfitting armour, see invisible, speed 3, claws
1
a: no special abilities


You were on level 3 of the Dungeon.
You visited 1 branch of the dungeon, and saw 3 of its levels.

You collected 129 gold pieces.

Inventory:

Hand Weapons
 a - a +2 dagger (weapon)
 i - a +0 hunting sling
 r - a +3 quarterstaff of chaos
Missiles
 d - 7 poisoned darts (quivered)
 l - 41 stones
Armour
 b - a +0 robe (worn)
 c - a +0 cloak (worn)
Jewellery
 n - an amulet of the acrobat
Scrolls
 g - 2 scrolls of teleportation {unknown}
 j - a scroll of fog {unknown}
 k - a scroll of vulnerability {unknown}
 m - a scroll of fear {unknown}
 o - a scroll of identify {unknown}
 p - a scroll of enchant weapon {unknown}
 s - 2 scrolls of amnesia {unknown}
Potions
 e - 2 potions of curing {unknown}
 f - a potion of cancellation


   Skills:
 * Level 2.2 Fighting
 + Level 3.5 Short Blades
 + Level 2.7 Throwing
 * Level 3.1 Dodging
 * Level 9.3 Stealth


You had 5 spell levels left.
You didn't know any spells.
Your spell library was empty.

Dungeon Overview and Level Annotations

Branches:
Dungeon (3/15)

Altars:


Innate Abilities, Weirdness & Mutations

You are very small and have problems with some larger weapons.
You are too small for most types of armour.
You have supernaturally acute eyesight. (SInv)
You cover ground extremely quickly. (Speed+++)
You have sharp fingernails.


Message History

The kobold brigand hits you with a +0 dagger of draining.
You feel drained.
You hit the kobold brigand but do no damage.
The kobold brigand is lightly wounded.
The kobold brigand closely misses you.
You hit the kobold brigand but do no damage.
The kobold brigand is lightly wounded.
The kobold brigand completely misses you.
You hit the kobold brigand but do no damage.
The kobold brigand is lightly wounded.
The kobold brigand hits you with a +0 dagger of draining.
You feel drained.
You hit the kobold brigand but do no damage.
The kobold brigand is lightly wounded.
The kobold brigand closely misses you.
You hit the kobold brigand.
The kobold brigand is lightly wounded.
You hit the kobold brigand.
The kobold brigand is lightly wounded.
The kobold brigand hits you but does no damage.
You feel drained.
You hit the kobold brigand.
The kobold brigand is lightly wounded.
The kobold brigand hits you with a +0 dagger of draining.
You feel drained.
You barely miss the kobold brigand.
The kobold brigand is lightly wounded.
The kobold brigand hits you with a +0 dagger of draining.
You feel drained.
* * * LOW HITPOINT WARNING * * *
You barely miss the kobold brigand.
The kobold brigand is lightly wounded.
The kobold brigand hits you with a +0 dagger of draining.
* * * LOW HITPOINT WARNING * * *
You feel drained.
* * * LOW HITPOINT WARNING * * *
The kobold brigand throws a curare-tipped dart.
The curare-tipped dart hits you.
You have difficulty breathing.
Ouch! That really hurt!
You die...

#)#.##########
..)...)......#
#.##########.# ###
#.# #.# ###.#
#...#####
#..gK)..#
###..####@#
##≈#g.# #.#
#≈≈#.K## #.#
#######≈≈##..###)#
......≈≈≈≈#K.#..†#
.#####≈≈≈≈#g.#####
.# #≈≈≈≈#..# .#
##≈≈##..# .#
#≈≈#..##


You could see a kobold brigand and a hobgoblin.

Vanquished Creatures
  An ogre (D:2)
  Crazy Yiuf (D:2)
  2 orc wizards (D:3)
  7 gnolls (D:3)
  3 adders
  2 dart slugs
  7 orcs (D:3)
  2 ball pythons (D:1)
  6 bats
  4 endoplasms
  2 giant cockroaches
  4 goblins
  11 hobgoblins
  3 jackals (D:1)
  9 kobolds
  A quokka (D:2)
  5 frilled lizards
  4 rats
74 creatures vanquished.

Notes
Turn   | Place    | Note
-------+----------+-------------------------------------------
     0 | D:1      | styxcanada the Spriggan Brigand began the quest for the
                  | Orb.
     0 | D:1      | Reached XP level 1. HP: 10/10 MP: 2/2
    35 | D:1      | Reached skill level 6 in Stealth
   267 | D:1      | Reached XP level 2. HP: 14/14 MP: 3/3
   725 | D:1      | Reached skill level 7 in Stealth
   753 | D:1      | Found a faded altar of an unknown god.
   949 | D:1      | Reached XP level 3. HP: 18/18 MP: 4/4
  1180 | D:2      | Noticed an ogre
  1186 | D:2      | Killed an ogre
  1187 | D:2      | Reached skill level 8 in Stealth
  1187 | D:2      | Reached XP level 4. HP: 23/23 MP: 5/5
  1302 | D:2      | Found a runed translucent door.
  1303 | D:2      | Noticed Crazy Yiuf
  1310 | D:2      | Killed Crazy Yiuf
  1311 | D:2      | Reached XP level 5. HP: 26/26 MP: 6/6
  1970 | D:3      | Reached skill level 9 in Stealth
  1971 | D:3      | Gained mutation: You have sharp fingernails. [potion of
                  | mutation]
  2593 | D:3      | Reached XP level 6. HP: 30/30 MP: 7/7
  3765 | D:3      | HP: 1/23 [kobold brigand (1)]
  3767 | D:3      | Asphyxiated

Illustrated notes

Levels and vault maps discovered:
D:1:      minmay_arrival_four_loops, layout_loops_corners,
          basic_ecumenical_altar, minmay_misc_feat_x
D:2:      layout_rooms, uniq_crazy_yiuf_cottage
D:3:      cheibrodos_thug_alley, layout_loops_ring, nrook_campfire

Skill      XL: |  1  2  3  4  5  6 |
---------------+-------------------+-----
Stealth        | 6 7 8 9 |  9.3
Short Blades   | 3 |  3.5
Dodging        | 2 3 |  3.1
Fighting       | 2 |  2.2
Throwing       | |  2.7

Action                   |  1- 3 |  4- 6 || total
-------------------------+-------+-------++-------
Melee: Dagger            |    60 |   169 ||   229
Throw: Dart              |     3 |    69 ||    72
       Stone             |       |     7 ||     7
  Use: Potion            |       |     3 ||     3
 Stab: Sleeping          |     9 |     9 ||    18
Armor: Robe              |     7 |    13 ||    20
Dodge: Dodged            |    40 |    94 ||   134
